cohdb
Replays
Latest Replays
All Replays
Popular Replays
Top Player Replays
Match Explorer
How It Works
Community
CoH3 Stats
Reddit
Sign in to upload your games and track your stats! →
Sign in with Steam
Match 47518193
Unlisted
Match 47518193
Overview
Messages
Build Orders
End
Kettenkrad Recon Vehicle
Construct Infanterie Kompanie
Grenadier Squad
MG 42 Machine Gun Team
MG 42 Machine Gun Team
Construct Panzergrenadier Kompanie
Selects Breakthrough Battlegroup
Selects Assault Grenadiers
Medical Station
Support Elements
Nebelwerfer 42 Rocket Launcher Team
StuG III G Assault Gun
Selects Rapid Production
Selects Smoke Bombing Run
Panzergrenadier Squad
Nebelwerfer 42 Rocket Launcher Team
Panzergrenadier Squad
Selects Incendiary Bombing Run
Incendiary Bombing Run
Construct Panzer Kompanie
Side Skirts
Incendiary Bombing Run
namakusyapa
lengfeng988
宇杰
西本风
김종현
God Geuno
DJ Doge
TwoTen
0
0
Comments
sign in to comment!
No comments posted yet!